 Dungeon Crawl Stone Soup version 0.19-a0-1815-g4007336 (webtiles) character file.

157 Amnesiac the Chucker (level 5, -2/55 HPs)
             Began as an Ogre Hunter on Oct 5, 2016.
             Slain by Amnesiac's ghost (8 damage)
             ... on level 4 of the Dungeon.
             The game lasted 00:03:27 (1908 turns).

Amnesiac the Chucker (Ogre Hunter)                  Turns: 1908, Time: 00:03:28

Health: -2/55      AC:  4    Str: 17    XL:     5   Next: 38%
Magic:  5/5        EV: 10    Int: 10    God:
Gold:   114        SH:  0    Dex: 11    Spells: 0 memorised, 4 levels left

rFire  . . .     SeeInvis .     g - +1 whip (venom)
rCold  . . .     Gourm    .     b - +0 robe
rNeg   . . .     Faith    .     (no shield)
rPois  .         Spirit   .     i - +1 hat
rElec  .         Dismiss  .     (no cloak)
rCorr  .         Reflect  .     (gloves unavailable)
MR     .....     Harm     .     (boots unavailable)
Stlth  +.........               (no amulet)
                                (no ring)
                                (no ring)

@: no status effects
A: unfitting armour, tough skin 1
a: no special abilities


You were on level 4 of the Dungeon.
You were not hungry.

You visited 1 branch of the dungeon, and saw 4 of its levels.

You collected 114 gold pieces.

Inventory:

Hand Weapons
 g - a +1 whip of venom (weapon)
 j - a +2 spear of piercing
Armour
 b - a +0 robe (worn)
 i - a +1 hat (worn)
Scrolls
 a - a scroll of amnesia {unknown}
 e - a scroll of identify {unknown}
 h - 2 scrolls of random uselessness {unknown}
 m - a scroll of enchant armour {unknown}
Potions
 o - a potion of haste {unknown}
Books
 n - a book of Necromancy

   Spells                             Type                      Level
   a - Pain                           Necromancy                   1
   b - Animate Skeleton               Necromancy                   1
   c - Vampiric Draining              Necromancy                   3
   d - Regeneration                   Charms/Necromancy            3
   e - Animate Dead                   Necromancy                   4
   f - Control Undead                 Necromancy                   4
Comestibles
 f - 3 bread rations


   Skills:
 + Level 4.5 Fighting
 * Level 5.8 Throwing
 - Level 1.7 Dodging
 - Level 0.6 Stealth


You had 4 spell levels left.
You didn't know any spells.

Dungeon Overview and Level Annotations

Branches:
Dungeon (4/15)
 Temple: D:4-7

Altars:

Annotations:
D:4 Amnesiac's ghost, amateur OgHu


Innate Abilities, Weirdness & Mutations

You are too large for most types of armour.
You have tough skin. (AC +1)


Message History

Throwing (i - inventory):
l - a tomahawk (quivered)
Press: ? - help, Shift-Dir - straight line, f/p - Amnesiac's ghost
Aim: Amnesiac's ghost (almost destroyed)
You throw a tomahawk. The tomahawk hits Amnesiac's ghost.
Amnesiac's ghost is almost destroyed.
Amnesiac's ghost hits you.
* * * LOW HITPOINT WARNING * * *
Firing (i - inventory): No suitable missiles.
Press: ? - help, Shift-Dir - straight line, f/p - Amnesiac's ghost
Aim: Amnesiac's ghost (almost destroyed)
Okay, then.
Firing (i - inventory): No suitable missiles.
Press: ? - help, Shift-Dir - straight line, f/p - Amnesiac's ghost
Aim: Amnesiac's ghost (almost destroyed)
Okay, then.
Unknown command.
Amnesiac's ghost hits you!
* * * LOW HITPOINT WARNING * * *
Amnesiac's ghost hits you!
You die...

######.##..##..
...............
...............
#.......##..
####+##.......##..
#....##...##..##..
#....###'######...
#....##....# #...
...##@...##....#
##..
#......W..#.....#
#...
#..(......#.....#
#...
#..(..(..(.#...##
#...
#...##.....#####
#... #... #####.#
##.. #.. ### ###
#..


You could see Amnesiac's ghost.

Vanquished Creatures
  A gnoll sergeant (D:3)
  An adder (D:4)
  5 gnolls (D:3)
  An ooze (D:1)
  A dart slug (D:3)
  2 leopard geckos
  5 bats
  A giant cockroach (D:3)
  3 goblins
  3 hobgoblins (D:1)
  4 jackals (D:3)
  2 quokkas (D:3)
  3 frilled lizards
  2 kobolds (D:1)
  3 rats
37 creatures vanquished.

Notes
Turn   | Place    | Note
-------+----------+-------------------------------------------
     0 | D:1      | Amnesiac the Ogre Hunter began the quest for the Orb.
     0 | D:1      | Reached XP level 1. HP: 22/22 MP: 1/1
   323 | D:1      | Reached XP level 2. HP: 29/29 MP: 2/2
   953 | D:3      | Reached XP level 3. HP: 23/37 MP: 3/3
  1142 | D:3      | Noticed a gnoll sergeant
  1159 | D:3      | Killed a gnoll sergeant
  1159 | D:3      | Reached skill level 5 in Throwing
  1159 | D:3      | Reached XP level 4. HP: 48/48 MP: 4/4
  1183 | D:3      | Reached XP level 5. HP: 46/54 MP: 5/5
  1890 | D:4      | Noticed Amnesiac's ghost (amateur OgHu)
  1908 | D:4      | Slain by Amnesiac's ghost

Vault maps used:
D:1:      dpeg_arrival_arbitrary_b
D:2:      kennysheep_generic_room_3
D:3:      kennysheep_the_goblin_king, first_bread
D:4:      portal_sewer_entry_d

Skill      XL: |  1  2  3 |
---------------+----------+-----
Fighting       | 3 4 |  4.5
Throwing       | 5 |  5.8
Dodging        | |  1.7
Stealth        | |  0.6

Action                   |  1- 3 |  4- 6 || total
-------------------------+-------+-------++-------
Melee: Short sword       |    61 |       ||    61
       Spear             |    22 |    19 ||    41
       Whip              |       |    37 ||    37
Throw: Large rock        |     4 |    12 ||    16
       Tomahawk          |    10 |     7 ||    17
       Throwing net      |       |     2 ||     2
  Eat: Chunk             |     1 |     2 ||     3
Armor: Robe              |    28 |    25 ||    53
Dodge: Dodged            |    55 |    44 ||    99
